 Dungeon Crawl Stone Soup version 0.25-a0-346-g140ab784a8 (webtiles) character file.

Game seed: 4617350669307584818, levelgen mode: deterministic

43745 BritishOli the Fencer (level 13, 0/103 HPs)
             Began as a Demonspawn Gladiator on Dec 31, 2019.
             Was the Champion of Okawaru.
             Slain by a death yak (10 damage)
             ... led by a torpor snail
             ... on level 5 of the Lair of Beasts.
             The game lasted 00:33:21 (17505 turns).

BritishOli the Fencer (Demonspawn Gladiator)       Turns: 17505, Time: 00:33:22

Health: 0/103      AC: 18    Str: 19    XL:     13   Next: 92%
Magic:  13/13      EV: 19    Int: 16    God:    Okawaru [******]
Gold:   1013       SH:  0    Dex: 21    Spells: 12/12 levels left

rFire    + . .     SeeInvis +   p - +1 long sword of the Six Eyes {flame, rC+ Int+4} (curse)
rCold    + . .     Gourm    .   (no shield)
rNeg     + . .     Faith    +   k - +2 ring mail {rN+}
rPois    +         Spirit   .   x - +2 helmet {SInv}
rElec    +         Reflect  .   (no cloak)
rCorr    .         Harm     .   n - +2 pair of gloves
MR       .....                  (no boots)
Stlth    +.........             E - amulet of faith
HPRegen  0.27/turn              B - +6 ring of dexterity
MPRegen  0.13/turn              A - ring of protection from fire

@: no status effects
A: talons 2, slimy green scales 2, clever 1, poison resistance, electricity
resistance, spiny 3
a: Heroism, Finesse, Renounce Religion


You were on level 5 of the Lair of Beasts.
You worshipped Okawaru.
Okawaru was exalted by your worship.
You were not hungry.

You visited 3 branches of the dungeon, and saw 19 of its levels.
You also visited: Ice Cave.

You collected 1710 gold pieces.
You spent 697 gold pieces at shops.

Inventory:

Hand Weapons
 e - a +1 triple sword of draining
 p - the cursed +1 long sword of the Six Eyes (weapon) {flame, rC+ Int+4}
   (You found it on level 2 of the Lair of Beasts)

   It has been specially enchanted to burn those struck by it, causing extra
   injury to most foes and up to half again as much damage against particularly
   susceptible opponents.
   Big, fiery blades are also staple armaments of hydra-hunters.
   It affects your intelligence (+4).
   It protects you from cold.
   It has a curse placed upon it.
 w - a +1 demon blade of flaming
 I - a +6 triple sword of protection
 N - a +1 longbow of freezing
 S - the +0 great sword of the Head {freeze, +Blink rF+ Dex+2}
   (Okawaru gifted it to you on level 12 of the Dungeon)

   It has been specially enchanted to freeze those struck by it, causing extra
   injury to most foes and up to half again as much damage against particularly
   susceptible opponents.
   It can also slow down cold-blooded creatures.
   It affects your dexterity (+2).
   It protects you from fire.
   It lets you blink.
 V - the +7 shortbow of Triumph {freeze, rElec rC+ MR-}
   (Okawaru gifted it to you on level 13 of the Dungeon)

   It causes projectiles fired from it to freeze those they strike, causing
   extra injury to most foes and up to half again as much damage against
   particularly susceptible opponents.
   They can also slow down cold-blooded creatures.
   It protects you from cold.
   It insulates you from electricity.
   It affects your resistance to hostile enchantments.
Missiles
 d - 4 throwing nets (quivered)
 G - 4 atropa-tipped darts
Armour
 c - a +1 helmet
 k - a +2 ring mail of positive energy (worn)
 n - a +2 pair of gloves (worn)
 x - a +2 helmet of see invisible (worn)
Jewellery
 b - an uncursed ring of stealth
 m - an uncursed ring of magical power
 A - a ring of protection from fire (right hand)
 B - a +6 ring of dexterity (left hand)
 C - an uncursed amulet of the acrobat {unknown}
 E - an amulet of faith (around neck)
 F - an uncursed ring of positive energy
 H - an uncursed ring of fire
 J - an uncursed ring of positive energy
 M - an uncursed ring of protection from cold
 Q - an uncursed ring of magical power
 Z - an uncursed ring of protection from magic
Wands
 r - a wand of random effects (41)
 u - a wand of enslavement (7)
 D - a wand of iceblast (13)
 K - a wand of disintegration (31)
 L - a wand of digging (7)
Scrolls
 a - a scroll of brand weapon {unknown}
 g - 10 scrolls of teleportation
 h - 5 scrolls of enchant weapon
 j - a scroll of enchant armour
 l - 5 scrolls of remove curse
 s - 5 scrolls of identify
 t - 3 scrolls of fear
 v - a scroll of amnesia
 y - 7 scrolls of fog
 z - 2 scrolls of magic mapping
 R - 2 scrolls of blinking
Potions
 i - 5 potions of heal wounds
 o - a potion of brilliance
 q - 6 potions of might
 O - a potion of curing
 P - a potion of experience
 T - a potion of agility
 U - 2 potions of haste
 W - 3 potions of flight
Comestibles
 f - 26 rations


   Skills:
 - Level 10.0 Fighting
 * Level 15.5 Long Blades
 - Level 2.1 Throwing
 + Level 9.0 Armour
 - Level 10.0 Dodging


You had 12 spell levels left.
You didn't know any spells.
Your spell library contained the following spells:

 Spells                   Type           Power        Failure   Level  Hunger
 Foxfire                  Conj/Fire      #...         36%         1    ##.....
 Magic Dart               Conj           #...         36%         1    ##.....
 Summon Butterflies       Summ           #.......     36%         1    ##.....
 Passwall                 Tmut/Erth      #.......     52%         2    ###....
 Swiftness                Chrm/Air       #.......     52%         2    ###....
 Call Canine Familiar     Summ           #.......     75%         3    ####...
 Conjure Flame            Conj/Fire      #.......     75%         3    ####...
 Inner Flame              Hex/Fire       #.......     75%         3    ####...
 Passage of Golubria      Tloc           N/A          98%         4    #####..
 Sticky Flame             Conj/Fire      #.......     98%         4    #####..
 Summon Ice Beast         Ice/Summ       #.......     98%         4    #####..
 Bolt of Magma            Conj/Fire/Erth #.........   100%        5    ######.
 Fireball                 Conj/Fire      #.........   100%        5    ######.
 Iskenderun's Battlesphe  Conj/Chrm      #.......     100%        5    ######.
 Lee's Rapid Deconstruct  Erth           #.........   100%        5    ######.
 Summon Mana Viper        Hex/Summ       #.......     100%        5    ######.
 Darkness                 Hex            #.........   100%        6    #######
 Invisibility             Hex            #.......     100%        6    #######
 Iron Shot                Conj/Erth      #.........   100%        6    #######
 Orb of Destruction       Conj           #.........   100%        7    #######
 Spellforged Servitor     Conj/Summ      #.........   100%        7    #######
 Summon Hydra             Summ           #.........   100%        7    #######


Dungeon Overview and Level Annotations

Branches:
Dungeon (13/15)            Temple (1/1) D:5            Lair (5/6) D:8
 Shoals (0/4) Lair:4       Spider (0/4) Lair:4          Orc (0/2) D:9
  IceCv (visited)
  Slime: Lair:5-6    Vaults: D:13-14

Altars:
Ashenzari
Cheibriados
Dithmenos
Elyvilon
Fedhas
Gozag
Hepliaklqana
Kikubaaqudgha
Makhleb
Nemelex Xobeh
Okawaru
Qazlal
Ru
Sif Muna
Trog
Uskayaw
Vehumet
Wu Jian
Xom
Yredelemnul
Zin
The Shining One

Shops:
D:9 (

Annotations:
D:9 2 transporters, ch1llma's ghost, novice GnWn
D:10 3 runed translucent doors, burekbajo's ghost, novice MiBe


Innate Abilities, Weirdness & Mutations

You have razor-sharp toenails.
You are mostly covered in slimy green scales. (AC +3)
You are completely covered in sharp spines.
Your mind is acute. (Int +2)
Your system is resistant to poisons. (rPois)
You are resistant to electric shocks. (rElec)


Message History

You riposte.
You hit the death yak but do no damage. You claw the death yak.
The death yak is almost dead.
You hit the death yak but do no damage.
You claw the death yak, but do no damage.
The death yak is almost dead.
You slash the death yak! You burn the death yak.
The death yak is almost dead.
The death yak gores you!
* * * LOW HITPOINT WARNING * * *
You hit the death yak but do no damage. You claw the death yak.
You kill the death yak!
Okawaru is honoured by your kill.
You hit the death yak but do no damage. You claw the death yak.
The death yak is moderately wounded.
The death yak gores you.
* * * LOW HITPOINT WARNING * * *
You hit the death yak. You burn the death yak. You claw the death yak.
The death yak is heavily wounded.
The death yak is struck by your spines. The death yak gores you!
You die...

#.## ##########.#####P.###.###.##
### ### ♣#.# ### ### ♣.♣ ♣♣♣.♣♣♣
♣♣PP.PP♣♣ ♣PP...PP♣♣###
#♣♣♣♣P.....P♣♣.P# ***
#.......⌠......#* ******,***
##*##@♣♣P.....P♣♣.####
,*,,,,,,.###..##Y♣♣PP...PP♣♣.P..#
,,,,,,,,.../......♣♣PP.PP♣♣......
,,,,,,,,..........♣♣♣♣.♣♣♣♣......
,,,,,,,,............♣♣.♣♣........
,,,,,,,,.........................
,,,,,,,,.._......................
,,,,,,,,.........................
,,,,,,,,........................†


You could see a death yak.

Vanquished Creatures
  A hydra (Lair:3)
  2 ice dragons (IceCv)
  Harold (D:8)
  A tengu warrior (D:13)
  A death yak (Lair:5)
  A two-headed ogre (D:9)
  A skeletal warrior (D:12)
  A deep elf archer (D:13)
  An ugly thing (D:13)
  An oklob plant (Lair:2)
  A cyclops (D:13)
  5 elephants (Lair:3)
  3 black mambas
  2 ice statues (IceCv)
  Joseph (D:9)
  A centaur zombie (D:13)
  A torpor snail (Lair:5)
  A gargoyle (D:12)
  8 spiny frogs
  5 rime drakes
  3 kobold demonologists (D:12)
  2 komodo dragons
  A tengu conjurer (D:13)
  4 trolls
  3 hornets
  3 polar bears
  9 hippogriffs
  11 blink frogs
  5 slime creatures (D:12)
  3 shadows
  A centaur simulacrum (D:12)
  3 redbacks (Lair:4)
  3 wyverns
  33 yaks
  A wraith (D:12)
  4 basilisks
  3 hungry ghosts
  A steam dragon (D:11)
  2 soldier ants
  6 water moccasins
  10 porcupines
  4 orc warriors
  3 sky beasts
  18 ice beasts
  3 black bears
  2 necrophages
  4 phantoms
  11 ogres
  18 wolves
  12 centaurs
  12 crocodiles
  2 big kobolds
  12 bullfrogs
  5 scorpions
  A wyvern skeleton (D:12)
  4 wights (D:12)
  8 howler monkeys
  6 crimson imps
  A bullfrog zombie (D:12)
  2 orc priests
  8 hounds
  4 centaur skeletons
  A jelly (D:5)
  16 orc wizards
  4 iguanas
  15 worker ants
  A hound zombie (D:6)
  2 hound skeletons
  2 worker ant zombies
  7 gnolls
  2 howler monkey skeletons
  7 adders
  A shadow imp (D:9)
  An adder skeleton (D:5)
  An adder zombie (D:9)
  3 worms
  A dart slug (D:1)
  2 leopard geckos
  63 orcs
  5 giant cockroaches
  7 hobgoblins
  14 jackals
  7 quokkas
  A ball python (D:1)
  7 bats
  6 frilled lizards
  10 goblins
  A jackal skeleton (D:7)
  12 kobolds
  A quokka skeleton (D:4)
  7 rats
  A plant (Lair:2)
498 creatures vanquished.

Vanquished Creatures (others)
  2 fungi
2 creatures vanquished.

Grand Total: 500 creatures vanquished

Notes
Turn   | Place    | Note
-------+----------+-------------------------------------------
     0 | D:1      | BritishOli the Demonspawn Gladiator began the quest for the
                  | Orb.
     0 | D:1      | Reached XP level 1. HP: 16/16 MP: 1/1
   121 | D:1      | Gained mutation: You are partially covered in sharp spines.
                  | [demonic ancestry]
   121 | D:1      | Reached XP level 2. HP: 15/22 MP: 2/2
   446 | D:2      | Reached skill level 3 in Long Blades
   538 | D:2      | Gained mutation: You are mostly covered in sharp spines.
                  | [demonic ancestry]
   538 | D:2      | Reached XP level 3. HP: 11/28 MP: 3/3
   679 | D:3      | Found a hide-covered altar of Uskayaw.
   904 | D:3      | Gained mutation: You are completely covered in sharp
                  | spines. [demonic ancestry]
   904 | D:3      | Reached XP level 4. HP: 14/34 MP: 4/4
  1667 | D:3      | Found an ornate altar of the Wu Jian Council.
  1915 | D:4      | Gained mutation: You have sharp toenails. [demonic
                  | ancestry]
  1915 | D:4      | Reached XP level 5. HP: 30/41 MP: 5/5
  1988 | D:4      | Found a stormy altar of Qazlal.
  2076 | D:4      | Reached skill level 4 in Long Blades
  2218 | D:4      | Noticed an ogre
  2221 | D:4      | Killed an ogre
  2221 | D:4      | Gained mutation: You have razor-sharp toenails. [demonic
                  | ancestry]
  2221 | D:4      | Reached XP level 6. HP: 24/48 MP: 6/6
  2526 | D:5      | Entered Level 5 of the Dungeon
  2559 | D:5      | Reached XP level 7. HP: 30/55 MP: 7/7
  2875 | D:5      | Found a staircase to the Ecumenical Temple.
  2886 | Temple   | Entered the Ecumenical Temple
  2961 | Temple   | Became a worshipper of Warmaster Okawaru
  3142 | D:5      | Noticed an angel
  3143 | D:5      | Found a shimmering altar of Xom.
  3144 | D:5      | Found a glowing silver altar of Zin.
  3180 | D:5      | Reached skill level 5 in Dodging
  3205 | D:5      | Reached skill level 5 in Fighting
  3205 | D:5      | Reached skill level 5 in Long Blades
  3533 | D:5      | Reached * piety under Okawaru
  3988 | D:6      | Found a sacrificial altar of Ru.
  4038 | D:6      | Gained mutation: You are partially covered in slimy green
                  | scales. (AC +2) [demonic ancestry]
  4038 | D:6      | Reached XP level 8. HP: 55/63 MP: 8/8
  4217 | D:6      | Reached skill level 6 in Long Blades
  4864 | D:7      | Reached ** piety under Okawaru
  4903 | D:7      | Found a sparkling altar of Nemelex Xobeh.
  4907 | D:7      | Found a bloodstained altar of Trog.
  4918 | D:7      | Reached XP level 9. HP: 52/72 MP: 9/9
  5180 | D:7      | Found a shimmering blue altar of Sif Muna.
  5180 | D:7      | Found an ancient bone altar of Kikubaaqudgha.
  5182 | D:7      | Found a radiant altar of Vehumet.
  5185 | D:7      | Identified Vehumet's Reference Book on Confrontation
  5630 | D:8      | Reached skill level 7 in Long Blades
  5657 | D:8      | Found a staircase to the Lair.
  5762 | D:8      | Reached *** piety under Okawaru
  5851 | D:8      | Paralysed by a hornet for 2 turns
  6291 | D:8      | Found a white marble altar of Elyvilon.
  6291 | D:8      | Noticed Harold
  6309 | D:8      | Killed Harold
  6309 | D:8      | Reached **** piety under Okawaru
  6309 | D:8      | Reached skill level 8 in Long Blades
  6309 | D:8      | Reached XP level 10. HP: 46/82 MP: 10/10
  6602 | D:9      | Noticed ch1llma's ghost (novice GnWn)
  6822 | D:9      | Found a transporter.
  6852 | D:9      | Found a transporter.
  6878 | D:9      | Found a staircase to the Orcish Mines.
  6941 | D:9      | Noticed Joseph
  6950 | D:9      | HP: 4/82 [Joseph/+0 quarterstaff (13)]
  6956 | D:9      | Killed Joseph
  7287 | D:9      | Noticed a two-headed ogre
  7293 | D:9      | Killed a two-headed ogre
  7293 | D:9      | Reached ***** piety under Okawaru
  7293 | D:9      | Received a gift from Okawaru
  7349 | D:9      | Found Ceeligef's Antique Weapon Shoppe.
  7355 | D:9      | Bought a glowing triple sword for 403 gold pieces
  7403 | D:9      | Found a shadowy altar of Dithmenos.
  7871 | D:10     | Entered Level 10 of the Dungeon
  7930 | D:10     | Reached skill level 9 in Long Blades
  7980 | D:10     | Found a runed translucent gate.
  7980 | D:10     | Found a runed translucent gate.
  7980 | D:10     | Found a runed translucent gate.
  7980 | D:10     | Found an opulent altar of Gozag.
  7981 | D:10     | Noticed a centaur warrior
  8012 | D:10     | Noticed burekbajo's ghost (novice MiBe)
  8012 | D:10     | Noticed a cyclops
  8014 | D:10     | Received a gift from Okawaru
  8022 | D:10     | HP: 4/85 [poisoned by a hornet]
  8030 | D:10     | HP: 4/85 [poisoned by a hornet]
  9034 | D:11     | Reached skill level 10 in Fighting
  9055 | D:11     | Reached XP level 11. HP: 73/90 MP: 11/11
  9290 | D:11     | Received a gift from Okawaru
  9438 | D:11     | Reached skill level 10 in Long Blades
 10123 | D:12     | Reached skill level 10 in Dodging
 10260 | D:12     | Received a gift from Okawaru
 10260 | D:12     | Reached skill level 1 in Armour
 10292 | D:12     | Got a twisted great sword {god gift}
 10293 | D:12     | Identified the +0 great sword of the Head {freeze, +Blink
                  | rF+ Dex+2} (Okawaru gifted it to you on level 12 of the
                  | Dungeon)
 10325 | D:12     | Reached skill level 11 in Long Blades
 10360 | D:12     | You fall into a shaft and drop 1 floor!
 10468 | D:13     | Noticed a tengu warrior
 10500 | D:13     | Killed a tengu warrior
 10500 | D:13     | Reached ****** piety under Okawaru
 10545 | D:13     | Noticed a deep elf archer
 10674 | D:13     | Killed a deep elf archer
 10748 | D:13     | Received a gift from Okawaru
 10752 | D:13     | Got a faintly glowing shortbow {god gift}
 10900 | D:13     | Noticed a purple ugly thing
 10913 | D:13     | Killed a purple ugly thing
 10913 | D:13     | Reached XP level 12. HP: 67/97 MP: 12/12
 10919 | D:13     | Reached skill level 12 in Long Blades
 10999 | D:13     | Noticed a death knight
 11001 | D:13     | Noticed a tengu warrior
 11494 | D:12     | Received a gift from Okawaru
 11515 | D:12     | Reached skill level 5 in Armour
 12068 | D:9      | Bought a glowing great sword for 294 gold pieces
 12210 | Lair:1   | Entered Level 1 of the Lair of Beasts
 12357 | Lair:1   | Reached skill level 13 in Long Blades
 12663 | Lair:1   | Identified the +7 shortbow of Triumph {freeze, rElec rC+
                  | MR-} (Okawaru gifted it to you on level 13 of the Dungeon)
 12666 | Lair:1   | Gained mutation: Your muscles are strong. (Str +2) [potion
                  | of mutation]
 12666 | Lair:1   | Gained mutation: Your muscles are very strong. (Str +4)
                  | [potion of mutation]
 12667 | Lair:1   | Lost mutation: Your muscles are very strong. (Str +4)
                  | [potion of mutation]
 12667 | Lair:1   | Lost mutation: Your muscles are strong. (Str +2) [potion of
                  | mutation]
 12667 | Lair:1   | Gained mutation: Your system is resistant to poisons.
                  | (rPois) [potion of mutation]
 12667 | Lair:1   | Gained mutation: You are resistant to electric shocks.
                  | (rElec) [potion of mutation]
 12667 | Lair:1   | Gained mutation: Your mind is acute. (Int +2) [potion of
                  | mutation]
 13087 | Lair:2   | Received a gift from Okawaru
 13147 | Lair:2   | Got a fine long sword
 13148 | Lair:2   | Identified the cursed +1 long sword of the Six Eyes {flame,
                  | rC+ Int+4} (You found it on level 2 of the Lair of Beasts)
 13906 | Lair:3   | Gained mutation: You are mostly covered in slimy green
                  | scales. (AC +3) [demonic ancestry]
 13906 | Lair:3   | Reached XP level 13. HP: 97/103 MP: 13/13
 14106 | Lair:3   | Reached skill level 14 in Long Blades
 14435 | Lair:3   | Received a gift from Okawaru
 14826 | Lair:3   | HP: 4/103 [elephant (7)]
 15258 | Lair:4   | Found a hole to the Spider Nest.
 15527 | Lair:4   | Found a staircase to the Shoals.
 15885 | Lair:5   | Found a frozen archway.
 15912 | IceCv    | Entered an ice cave
 15924 | IceCv    | Received a gift from Okawaru
 16092 | IceCv    | Reached skill level 15 in Long Blades
 17470 | Lair:5   | Found an ornate altar of the Wu Jian Council.
 17505 | Lair:5   | Slain by a death yak

Levels and vault maps discovered:
D:1:      lemuel_arrival_behind_the_door_large, layout_rooms, minmay_tromino_i4
D:2:      minmay_chambers_of_ones, layout_basic, first_ration, uniq_jessica
D:3:      layout_basic, eat_drink_and_be_merry_uskayaw, marbit_many_paths
D:4:      layout_gridville, nicolae_qazlal_general_emergency, grunt_ministairs_8
D:5:      layout_basic, grunt_temple_overflow_order_and_chaos_1,
          minmay_temple_entry_waves
D:6:      layout_loops_ring, overflow_temple_1_default
D:7:      layout_loops_corners, grunt_temple_overflow_magic_moments,
          grunt_temple_overflow_open
D:8:      layout_loops_ring, lemuel_crystal_altar, dpeg_oklobed_lair,
          uniq_harold
D:9:      layout_long_grid, nicolae_dithmenos_the_darkroom, erik_orc_3,
          serial_shops, nicolae_shop_statue_plus, gammafunk_ghost_stat_death,
          uniq_joseph
D:10:     layout_basic, ebering_ghost_gozag
D:11:     layout_gridville, hangedman_pestilent_swarm, grunt_ministairs_5
D:12:     layout_basic, minmay_starry_boxes
D:13:     layout_loops_ring
Temple:   compressed_dpeg_triangle_lava_temple
Lair:1:   layout_roguey, beast_lair_carwin_7
Lair:2:   layout_loops_ring, grunt_megastairs_4, lemuel_fruit_tree,
          infiniplex_staircase_pool_2, minmay_lair_oklob_chamber
Lair:3:   layout_chaotic_city, lemuel_fruit_fields, lemuel_fruit_fields,
          grunt_megastairs_3
Lair:4:   layout_gridlike, shoals_dummy_entry, spider_nest_entry_webs
Lair:5:   layout_big_grid, serial_forest, infiniplex_forest_fountain,
          infiniplex_forest_zigzag_2, infiniplex_forest_end_1,
          infiniplex_forest_clump_small, infiniplex_forest_straight_2,
          infiniplex_forest_straight_4, infiniplex_forest_lined_room_3,
          portal_ice_cave_rime, basic_altar

Skill      XL: |  1  2  3  4  5  6  7  8  9 10 11 12 13 |
---------------+----------------------------------------+-----
Throwing       | 2 |  2.1
Long Blades    | 3 4 5 6 8 9 11 13 15 | 15.5
Dodging        | 3 4 5 6 8 9 10 | 10.0
Fighting       | 3 4 5 7 8 10 | 10.0
Armour         | 4 6 9 |  9.0

Action                   |  1- 3 |  4- 6 |  7- 9 | 10-12 | 13-15 || total
-------------------------+-------+-------+-------+-------+-------++-------
Melee: Long sword        |    60 |    61 |   203 |    91 |   405 ||   820
       Kick              |       |    12 |   103 |   239 |   265 ||   619
       Triple sword      |       |       |       |   200 |       ||   200
       Punch             |       |       |       |     1 |     1 ||     2
       Great sword       |       |       |       |   157 |       ||   157
Throw: Throwing net      |       |       |       |     1 |       ||     1
Invok: Heroism           |       |       |       |     3 |     3 ||     6
       Finesse           |       |       |       |       |     1 ||     1
 Abil: Evoke Blink       |       |       |       |     1 |       ||     1
  Use: Potion            |       |     1 |     1 |     2 |     1 ||     5
       Scroll            |       |       |       |    23 |     1 ||    24
 Stab: Sleeping          |     1 |     1 |     1 |       |       ||     3
       Held in net/web   |       |       |       |     1 |       ||     1
  Eat: Chunk             |       |     5 |     9 |    11 |     4 ||    29
       Ration            |       |       |     1 |     5 |     2 ||     8
Armor: Leather armour    |    18 |    17 |     6 |       |       ||    41
       Scale mail        |       |       |    64 |    62 |       ||   126
       Ring mail         |       |       |       |    97 |   128 ||   225
Dodge: Dodged            |    49 |    49 |   151 |   463 |   355 ||  1067
       Rpst.: Long sword |    14 |    12 |    38 |    17 |    74 ||   155
       Triple sword      |       |       |       |    75 |       ||    75
       Great sword       |       |       |       |    36 |       ||    36

Table legend:
 A = Non-vault XP
 B = Vault XP
 C = Vault XP percentage of total XP
 D = Non-vault monster count
 E = Vault monster count
 F = Vault count percentage of total count
                 A         B        C        D         E       F
            +---------+---------+-------+---------+---------+-------
      Total |   49141 |   13352 |  21.4 |     424 |      73 |  14.7
            +---------+---------+-------+---------+---------+-------
        D:1 |      27 |       4 |  12.9 |      17 |       3 |  15.0
        D:2 |      13 |       0 |   0.0 |       7 |       0 |   0.0
        D:3 |     116 |       1 |   0.9 |      30 |       1 |   3.2
        D:4 |     447 |      72 |  13.9 |      17 |       1 |   5.6
        D:5 |     677 |       0 |   0.0 |      30 |       0 |   0.0
        D:6 |     845 |       0 |   0.0 |      21 |       0 |   0.0
        D:7 |    1010 |       0 |   0.0 |      12 |       0 |   0.0
        D:8 |    1458 |     992 |  40.5 |      26 |       1 |   3.7
        D:9 |    1972 |     797 |  28.8 |      19 |      13 |  40.6
       D:10 |    2668 |       0 |   0.0 |      25 |       0 |   0.0
       D:11 |    2040 |    2025 |  49.8 |      38 |      14 |  26.9
       D:12 |    7103 |     124 |   1.7 |      47 |       3 |   6.0
       D:13 |    5339 |       0 |   0.0 |      26 |       0 |   0.0
     Lair:1 |    4883 |     625 |  11.3 |      31 |       5 |  13.9
     Lair:2 |    1901 |     990 |  34.2 |       9 |       2 |  18.2
     Lair:3 |    7758 |    1169 |  13.1 |      24 |       5 |  17.2
     Lair:4 |    5408 |     647 |  10.7 |      24 |       3 |  11.1
     Lair:5 |    5476 |     680 |  11.0 |      21 |       2 |   8.7
      IceCv |       0 |    5226 | 100.0 |       0 |      20 | 100.0
            +---------+---------+-------+---------+---------+-------
